Map: Central Protocol

Players

Miszu - Winner!

  • Race: Terran Terran
  • League: Master

mAth

  • Race: Zerg Zerg
  • League: Grandmaster

VOD

Have the link to the VOD?

Description

Time

  • Played on: March 21, 2016, 5:21 p.m.
  • Length: 14:32
Show
View Real Time Build Order
Export as new Build Order

Miszu Terran - Winner!

Build Orders: MMM Bio 

Get SALT Encoding   

  12  0:00  SCV  
  13  0:12  SCV  
  14  0:18  Supply Depot  
  14  0:24  SCV  
  15  0:40  SCV  
  15  0:41  Barracks  
  16  0:44  Refinery  
  16  0:52  SCV  
  17  1:03  Barracks  
  17  1:04  SCV  
  18  1:16  SCV  
  19  1:20  Barracks  
  19  1:25  Refinery  
  19  1:29  SCV  
  20  1:34  Reaper  
  21  1:42  Supply Depot  
  21  1:52  Reaper  
  22  2:05  Orbital Command  
  22  2:06  Reaper  
  23  2:09  Reaper  
  24  2:21  Supply Depot  
  24  2:24  Reaper  
  25  2:30  SCV  
  26  2:38  Reaper  
  26  2:41  Reaper  
  26  2:42  SCV  
  29  2:54  SCV  
  29  2:56  Reaper  
  30  3:06  SCV  
  30  3:10  Reaper  
  32  3:13  Reaper  
  32  3:18  Command Center  
  32  3:19  SCV  
  34  3:28  Reaper  
  34  3:31  SCV  
  36  3:42  Factory  
  36  3:43  SCV  
  36  3:45  Barracks Tech Lab  
  37  3:52  Barracks Reactor  
  37  3:55  SCV  
  38  4:09  Barracks Tech Lab  
  37  4:11  Stimpack  
  37  4:12  Marine  
  37  4:14  SCV  
  37  4:16  Barracks  
  39  4:17  Barracks  
  39  4:30  Marine  
  40  4:35  Marine x3  
  40  4:37  SCV  
  45  4:38  Orbital Command  
  44  4:46  Starport  
  44  4:47  Marine  
  44  4:48  Factory Reactor  
  44  4:49  SCV  
  46  4:57  Marine x3  
  49  5:01  SCV  
  50  5:07  Barracks Reactor x2  
  50  5:10  SCV  
  50  5:12  Refinery  
  50  5:13  SCV  
  54  5:22  SCV  
  54  5:25  Supply Depot, SCV  
  53  5:30  Marine  
  53  5:31  Marine  
  54  5:46  Marine x2, SCV x2  
  54  5:47  Marine  
  54  5:49  Marine  
  60  5:50  Marine  
  60  5:53  Marine x2  
  62  5:58  Engineering Bay  
  62  6:01  Supply Depot  
  62  6:03  Marine  
  62  6:04  Marine x2, SCV x2  
  65  6:05  Supply Depot, Marine  
  65  6:07  Marine  
  65  6:08  Marine  
  70  6:22  Marine x3, Medivac x2  
  70  6:23  SCV  
  78  6:26  Supply Depot, Marine, SCV  
  78  6:27  Supply Depot  
  78  6:29  Marine x2  
  78  6:30  Marine x2  
  78  6:32  Factory Tech Lab  
  84  6:34  Terran Infantry Weapons Level 1  
  84  6:37  Combat Shields  
  84  6:40  Marine  
  86  6:47  Marine x2  
  86  6:48  SCV x2  
  86  6:50  Refinery  
  86  6:51  Supply Depot  
  86  6:53  Supply Depot  
  89  7:00  SCV  
  91  7:13  Command Center  
  91  7:14  Siege Tank  
  93  7:16  Marine x4  
  93  7:19  Marine  
  93  7:20  Marine  
  93  7:21  SCV  
  100  7:23  Marine  
  100  7:25  Marine  
  100  7:27  Medivac  
  103  7:34  Marine  
  80  7:52  Marine x8  
  80  7:53  Medivac, Siege Tank  
  80  7:54  SCV  
  80  7:57  Medivac  
  94  7:59  SCV  
  95  8:06  SCV  
  95  8:09  Marine  
  95  8:10  Marine x7  
  95  8:11  SCV  
  99  8:18  SCV  
  100  8:23  SCV  
  100  8:25  Siege Tank  
  104  8:27  Marine  
  104  8:28  Marine x2  
  104  8:30  SCV  
  104  8:31  Orbital Command  
  109  8:36  Engineering Bay  
  109  8:37  Armory  
  108  8:43  Marine x5  
  108  8:45  Medivac  
  108  8:48  Supply Depot  
  115  8:50  Marine  
  115  8:51  Marine  
  115  8:55  Marine  
  118  8:56  Medivac  
  120  9:05  Marine  
  120  9:07  Marine x2, Siege Tank  
  120  9:08  Marine x2  
  128  9:15  Terran Infantry Armor Level 1, Orbital Command  
  128  9:17  Supply Depot  
  128  9:18  Supply Depot  
  128  9:22  Marine  
  128  9:23  Marine  
  120  9:24  Marine x2  
  121  9:33  Marine x2  
  121  9:37  Marauder  
  124  9:40  Marine, Medivac x2  
  124  9:41  Marine  
  130  9:47  Siege Tank  
  133  9:55  Marine x2, Marauder  
  137  10:01  Terran Infantry Weapons Level 2  
  137  10:06  Marauder  
  133  10:11  Marine  
  133  10:13  Reaper  
  135  10:14  Medivac  
  135  10:17  Marauder  
  139  10:25  Marine  
  139  10:28  Marauder  
  140  10:35  Marine, Siege Tank  
  140  10:36  Marine x3  
  140  10:38  Marauder  
  145  10:43  Marine  
  145  10:45  Marine  
  145  10:47  Refinery x2  
  145  10:48  SCV  
  145  10:49  Marauder  
  146  10:58  Marine  
  146  10:59  Marauder  
  146  11:01  Marine  
  146  11:02  Marine x3  
  146  11:03  Marine  
  151  11:07  Siege Tank  
  151  11:11  Marauder  
  156  11:16  Marine  
  157  11:24  Marine x2  
  157  11:36  Terran Infantry Armor Level 2  
  157  11:38  Terran Vehicle Weapons Level 1  
  157  11:42  Marine x4  
  157  11:43  Marauder x2  
  157  11:44  Supply Depot x2  
  165  11:49  Command Center  
  165  11:52  Bunker  
  165  11:53  Marine  
  164  11:56  Medivac  
  164  11:57  Medivac  
  164  11:59  Siege Tank  
  155  12:01  Marine  
  155  12:04  Marauder x2  
  139  12:10  Marine  
  139  12:15  Marine x2  
  139  12:16  Marine x2  
  139  12:19  Marine  
  143  12:26  Medivac, Marauder x2  
  143  12:27  Marine, Medivac  
  149  12:30  Widow Mine  
  149  12:33  Marine x4  
  149  12:35  Refinery  
  155  12:37  Marine  
  155  12:38  Sensor Tower  
  156  12:45  Marine  
  156  12:47  Marine, Marauder  
  156  12:51  Marine x2  
  161  12:53  Marine  
  161  12:55  Marine  
  164  12:59  Siege Tank  
  164  13:05  Marauder  
  143  13:09  Marauder  
  143  13:12  Liberator x2  
  136  13:22  Marine  
  136  13:24  Marine  
  136  13:25  Marine x4  
  136  13:26  Marauder  
  144  13:30  Marauder  
  144  13:31  Siege Tank  
  155  13:40  Marine  
  154  13:42  Marine  
  154  13:43  Marine x4  
  154  13:44  Orbital Command  
  154  13:48  Marauder  
  158  13:51  Marauder  
  139  13:57  Marine  
  139  14:00  Marine x4  
  139  14:01  Marine  
  140  14:09  Marauder  
Show
View Real Time Build Order
Export as new Build Order

mAth Zerg 

Build Orders: Hatch First 

Get SALT Encoding   

  12  0:00  Drone  
  13  0:12  Overlord  
  13  0:17  Drone  
  14  0:31  Drone x2  
  16  0:36  Drone  
  17  0:53  Hatchery  
  17  0:55  Drone  
  17  0:58  Drone  
  18  1:09  Extractor  
  17  1:14  Spawning Pool  
  17  1:18  Drone  
  17  1:20  Drone  
  18  1:30  Drone  
  19  1:40  Overlord  
  19  1:50  Drone  
  20  2:01  Queen  
  20  2:04  Queen  
  24  2:10  Roach Warren  
  24  2:11  Zergling x2  
  24  2:12  Zergling x2  
  25  2:20  Overlord  
  25  2:28  Drone  
  26  2:38  Queen  
  28  2:49  Roach  
  28  2:50  Roach x2  
  34  2:51  Roach  
  35  2:59  Roach  
  35  3:00  Roach  
  38  3:15  Roach x3  
  44  3:23  Overlord  
  44  3:40  Overlord  
  44  3:43  Drone x4  
  44  3:44  Drone  
  49  3:49  Drone  
  49  3:50  Drone x2  
  49  3:52  Overlord  
  52  4:00  Overlord  
  52  4:09  Ravager, Drone x3  
  56  4:12  Overlord  
  56  4:15  Drone  
  56  4:16  Drone x2  
  59  4:24  Overlord  
  59  4:25  Extractor  
  58  4:32  Drone x3  
  61  4:39  Drone  
  61  4:40  Drone  
  63  4:48  Roach x2  
  63  4:49  Drone  
  63  4:50  Drone  
  69  4:57  Lair  
  69  5:00  Drone x2  
  69  5:01  Drone x4  
  69  5:04  Extractor x2  
  73  5:08  Ravager  
  74  5:16  Overlord, Drone  
  74  5:19  Baneling Nest  
  74  5:38  Hatchery  
  74  5:39  Roach x6  
  85  5:48  Overlord x2  
  85  5:55  Drone x2  
  84  6:07  Metabolic Boost  
  84  6:09  Glial Reconstitution  
  84  6:14  Zergling x8  
  88  6:20  Drone  
  88  6:22  Evolution Chamber  
  88  6:23  Evolution Chamber  
  84  6:34  Drone x3  
  84  6:39  Zergling x8  
  91  6:46  Overseer  
  91  6:49  Zerg Missile Weapons Level 1, Zerg Ground Armor Level 1  
  91  6:50  Zergling x4  
  91  6:51  Zergling x2  
  91  6:52  Baneling  
  91  6:53  Baneling x5  
  94  6:58  Drone x5  
  94  6:59  Drone x3  
  102  7:01  Queen  
  102  7:07  Overlord  
  104  7:09  Baneling  
  104  7:10  Baneling x7  
  104  7:12  Overseer  
  104  7:20  Zergling x6  
  104  7:21  Zergling x4  
  108  7:24  Zergling x2  
  109  7:41  Roach  
  109  7:42  Roach x4  
  113  7:48  Roach x4  
  115  7:53  Zergling x4  
  115  7:55  Ravager x3  
  115  7:56  Drone  
  120  7:58  Extractor  
  120  7:59  Queen  
  120  8:01  Extractor  
  118  8:08  Roach x2  
  118  8:15  Overseer  
  118  8:19  Queen  
  118  8:23  Overlord  
  118  8:24  Overlord x4  
  118  8:26  Ravager  
  121  8:44  Roach x9  
  139  8:56  Roach x5  
  148  9:03  Zerg Ground Armor Level 2  
  148  9:05  Zerg Melee Weapons Level 1  
  148  9:06  Drone x2  
  148  9:07  Drone  
  151  9:10  Drone  
  151  9:11  Drone  
  151  9:15  Drone x2  
  154  9:27  Overlord  
  154  9:31  Drone x3  
  146  9:32  Drone  
  146  9:33  Drone x2  
  146  9:37  Drone x3  
  146  9:38  Drone  
  154  9:46  Infestation Pit  
  154  9:50  Drone x5  
  158  9:58  Roach x3  
  158  9:59  Ravager x4  
  168  10:00  Ravager x2  
  170  10:14  Hatchery  
  170  10:15  Overlord x2  
  169  10:28  Hatchery  
  168  10:36  Roach x8  
  168  10:37  Overlord x2  
  184  10:51  Overlord x2  
  184  10:54  Overlord  
  184  11:01  Roach x7  
  184  11:02  Ravager x2  
  184  11:03  Ravager  
  191  11:24  Drone  
  191  11:25  Drone x7  
  196  11:41  Roach  
  196  11:42  Hive  
  180  12:04  Roach  
  180  12:05  Roach x13  
  178  12:16  Roach x6  
  178  12:17  Roach x2  
  178  12:18  Drone x3  
  197  12:23  Pathogen Glands  
  197  12:55  Infestor  
  150  13:11  Infestor x2  
  150  13:12  Infestor x3  
  136  13:14  Roach x2  
  136  13:15  Roach x17  
  159  13:23  Overseer  
  159  13:24  Overseer  
  159  13:25  Roach x2  
  159  13:26  Roach  
  165  13:28  Drone x2  
  167  13:42  Roach  
  167  13:43  Roach  
  127  14:00  Roach  
  127  14:01  Roach x10  
  129  14:03  Drone x2  
Tags
 
Add a new tag
Caveats
  • Supply blocks, unpowered buildings, or Contaminate may cause inaccurate times.
  • Supply counts are checked every 10 seconds.